 Dungeon Crawl Stone Soup version 0.28.0 (webtiles) character file.

Game seed: 6149345144764084225

16 Sanktem7 the Sneak (level 2, -1/13 HPs)
             Began as a Spriggan Enchanter on Feb 7, 2022.
             Succumbed to an adder's poison
             ... on level 2 of the Dungeon.
             The game lasted 00:02:48 (1056 turns).

Sanktem7 the Sneak (Spriggan Enchanter)             Turns: 1056, Time: 00:02:49

Health: -1/13      AC:  2    Str:  4    XL:     2   Next: 41%
Magic:  1/6        EV: 17    Int: 16    God:
Gold:   21         SH:  0    Dex: 15    Spells: 4/6 levels left

rFire   . . .      SeeInvis +   a - +1 dagger
rCold   . . .      Faith    .   (no shield)
rNeg    . . .      Spirit   .   b - +0 robe
rPois   .          Reflect  .   (helmet restricted)
rElec   .          Harm     .   (no cloak)
rCorr   .          Rampage  .   (gloves unavailable)
Will    .....                   (boots unavailable)
Stlth   +++.......              (no amulet)
HPRegen 0.04/turn               (no ring)
MPRegen 0.10/turn               (no ring)

@: lethally poisoned (-1 -> -9), very quick
A: very small, no large weapons, unfitting armour, see invisible, speed 3
a: no special abilities


You were on level 2 of the Dungeon.
You visited 1 branch of the dungeon, and saw 2 of its levels.

You collected 21 gold pieces.

Inventory:

Hand Weapons
 a - a +1 dagger (weapon)
Armour
 b - a +0 robe (worn)
Scrolls
 f - a scroll of identify {unknown}
 g - a scroll of enchant armour {unknown}
 h - a scroll of amnesia {unknown}
 i - a scroll of vulnerability {unknown}
Potions
 c - 2 potions of invisibility
 d - 2 potions of berserk rage {unknown}
 e - a potion of mutation {unknown}


   Skills:
 - Level 1.1 Short Blades
 + Level 2.7 Dodging
 * Level 5.3 Stealth
 - Level 2.6 Spellcasting
 * Level 4.0 Hexes


You had 4 spell levels left.
You knew the following spells:

 Your Spells              Type           Power      Damage    Failure   Level
a - Ensorcelled Hibernat  Hex/Ice        16%        N/A       13%         2

Your spell library contained the following spells:

 Spells                   Type           Power      Damage    Failure   Level
 Confusing Touch          Hex            15%        N/A       11%         3
 Tukima's Dance           Hex            15%        N/A       11%         3
 Dazzling Flash           Conj/Hex       16%        N/A       26%         3
 Blink                    Tloc           4%         N/A       28%         2
 Manifold Assault         Tloc           2%         N/A       99%         5
 Storm Form               Tmut/Air       1%         N/A       100%        7


Dungeon Overview and Level Annotations

Branches:
Dungeon (2/15)

Altars:


Innate Abilities, Weirdness & Mutations

You are very small and have problems with some larger weapons.
You are too small for most types of armour.
You have supernaturally acute eyesight. (SInv)
You cover ground extremely quickly. (Speed+++)


Message History

The helpless hobgoblin fails to defend itself.
You puncture the hobgoblin!
You kill the hobgoblin!
Found a robe.
You see here a hobgoblin corpse.
Casting: Ensorcelled Hibernation (safe; 13% risk of failure)
Confirm with . or Enter, or press ? or * to list all spells.
Aiming: Ensorcelled Hibernation (safe; 13% risk of failure)
Press: ? - help, Shift-Dir - straight line, f - adder
Aim: an adder (chance to affect: 50%)
The adder resists with some effort.
The adder completely misses you.
Casting: Ensorcelled Hibernation (safe; 13% risk of failure)
Confirm with . or Enter, or press ? or * to list all spells.
Aiming: Ensorcelled Hibernation (safe; 13% risk of failure)
Press: ? - help, Shift-Dir - straight line, f/p - adder
Aim: an adder (chance to affect: 50%)
The adder resists with some effort.
The adder completely misses you. The adder misses you.
You completely miss the adder. The adder barely misses you.
You completely miss the adder. The adder bites you.
You closely miss the adder. You punch the adder, but do no damage.
The adder misses you.
You hit the adder.
The adder is lightly wounded.
The adder bites you but does no damage.
You hit the adder.
The adder is moderately wounded.
The adder bites you. The adder misses you.
You hit the adder. Your punch misses the adder.
The adder is severely wounded.
The adder bites you but does no damage.
You hit the adder but do no damage.
The adder is severely wounded.
The adder bites you.
* * * LOW HITPOINT WARNING * * *
You are lethally poisoned!
The adder poisons you!
You hit the adder.
The adder is severely wounded.
You die...

#######..#
########..#
..........#
########.## ###
########.# #####..
#........# ..^....##
#.########
........####.#######
#..S@............
#....####.#######
#.#### #.# .. #.#
#.# ..# [ ###


You could see an adder.

Vanquished Creatures
  A bat (D:1)
  2 endoplasms (D:1)
  A giant cockroach (D:1)
  A goblin (D:1)
  4 hobgoblins
  A quokka (D:1)
  A ball python (D:1)
  2 frilled lizards (D:1)
  A rat (D:1)
14 creatures vanquished.

Notes
Turn   | Place    | Note
-------+----------+-------------------------------------------
     0 | D:1      | Sanktem7 the Spriggan Enchanter began the quest for the
                  | Orb.
     0 | D:1      | Reached XP level 1. HP: 9/9 MP: 5/5
   289 | D:1      | Reached skill level 5 in Stealth
   289 | D:1      | Reached XP level 2. HP: 8/13 MP: 6/6
   322 | D:1      | Learned a level 2 spell: Ensorcelled Hibernation
  1056 | D:2      | Succumbed to an adder's poison

Illustrated notes

Levels and vault maps discovered:
D:1:      dpeg_arrival_concentric_ovals, layout_basic, dk_noncrumbling_3,
          nicolae_concentric_dashed_squares_mild
D:2:      wander_river, layout_loops_ring,
          dreamdust_ecumenical_altar_hidden_monk_grotto, uniq_sigmund

Skill      XL: |  1  2 |
---------------+-------+-----
Stealth        | 5 |  5.3
Hexes          | 4 |  4.0
Short Blades   | |  1.1
Dodging        | |  2.7
Spellcasting   | |  2.6

Action                   || total
-------------------------++-------
Melee: Dagger            ||    33
       Punch             ||     2
 Cast: Ensorcelled Hiber ||    10
 Stab: Sleeping          ||    10
Armor: Robe              ||     4
Dodge: Dodged            ||    17
